 Dungeon Crawl Stone Soup version 0.25-a0-651-g8c222c7a2b (webtiles) character file.

Game seed: 6984771031067931663, levelgen mode: deterministic

710 Conn the Sneak (level 7, 0/45 HPs)
             Began as an Octopode Wizard on Mar 22, 2020.
             Killed from afar by an orc wizard (12 damage)
             ... with a puff of frost
             ... on level 6 of the Dungeon.
             The game lasted 00:33:14 (6279 turns).

Conn the Sneak (Octopode Wizard)                    Turns: 6279, Time: 00:33:15

Health: 0/45       AC:  1    Str:  8    XL:     7   Next: 68%
Magic:  11/14      EV: 14    Int: 20    God:
Gold:   101        SH:  0    Dex: 11    Spells: 2/16 levels left

rFire    . . .     SeeInvis .   t - +3 hand axe (vorpal)
rCold    . . .     Gourm    .   (no shield)
rNeg     . . .     Faith    .   a - +0 hat
rPois    .         Spirit   .   (no amulet)
rElec    .         Reflect  .   (no ring)
rCorr    .         Harm     .   h - ring of stealth
MR       .....                  (no ring)
Stlth    +++++.....             (no ring)
HPRegen  0.15/turn              (no ring)
MPRegen  0.14/turn              (no ring)
                                (no ring)
                                (no ring)

@: no status effects
A: almost no armour, stealthy swim, amphibious, 8 rings, constrict 8, camouflage
1, gelatinous body 1
a: no special abilities


You were on level 6 of the Dungeon.
You were hungry.

You visited 1 branch of the dungeon, and saw 6 of its levels.
You also visited: Sewer.

You collected 134 gold pieces.
You spent 33 gold pieces at shops.

Inventory:

Hand Weapons
 b - a +0 dagger
 e - a +0 war axe of pain
 m - a +0 short sword
 o - a +0 rapier
 r - a +1 short sword of freezing
 t - a +3 vorpal hand axe (weapon)
Missiles
 f - 72 bolts
 i - 6 atropa-tipped darts
 j - a throwing net
 p - 14 poisoned darts (quivered)
 w - 28 sling bullets
Armour
 a - a +0 hat (worn)
Jewellery
 h - a ring of stealth (right tentacle)
Scrolls
 g - 2 scrolls of fog
 l - 4 scrolls of identify
 s - a scroll of immolation
 u - 2 scrolls of fear
 v - 2 scrolls of remove curse
Potions
 d - 2 potions of curing
 k - a potion of brilliance
 n - a potion of heal wounds
Comestibles
 c - 8 rations


   Skills:
 * Level 2.9 Fighting
 - Level 1.0 Short Blades
 + Level 1.9 Axes
 + Level 2.8 Dodging
 + Level 5.3 Stealth
 * Level 5.2 Spellcasting
 + Level 3.2 Conjurations
 - Level 1.0 Summonings
 - Level 1.0 Translocations


You had 2 spell levels left.
You knew the following spells:

 Your Spells              Type           Power        Failure   Level  Hunger
a - Magic Dart            Conj           ###.         3%          1    None
b - Blink                 Tloc           N/A          12%         2    None
c - Call Imp              Summ           #.......     12%         2    None
d - Conjure Flame         Conj/Fire      ##......     17%         3    ##.....
e - Mephitic Cloud        Conj/Pois/Air  #.......     22%         3    ##.....
f - Dazzling Flash        Conj/Hex       ##....       17%         3    ##.....

Your spell library contained the following spells:

 Spells                   Type           Power        Failure   Level  Hunger
 Corona                   Hex            #......      12%         1    None
 Sandblast                Erth           #.....       12%         1    None
 Ensorcelled Hibernation  Hex/Ice        #.....       17%         2    None
 Passwall                 Tmut/Erth      #.......     17%         2    None
 Slow                     Hex            #.......     17%         2    None
 Stone Arrow              Conj/Erth      ##....       17%         3    ##.....
 Gell's Gravitas          Tloc           #.........   22%         3    ##.....
 Confusing Touch          Hex            #.......     34%         3    ##.....
 Tukima's Dance           Hex            #.......     34%         3    ##.....
 Petrify                  Tmut/Erth      #.......     75%         4    ####...
 Lee's Rapid Deconstruct  Erth           #.........   97%         5    #####..
 Metabolic Englaciation   Hex/Ice        #.........   97%         5    #####..
 Yara's Violent Unravell  Hex/Tmut       #.........   97%         5    #####..


Dungeon Overview and Level Annotations

Branches:
Dungeon (6/15)              Sewer (visited)
 Temple: D:4-7

Altars:
Dithmenos
Kikubaaqudgha

Shops:
D:4 :   D:5 *

Annotations:
D:3 1 runed translucent door, pantherbaby's ghost, amateur DsFi


Innate Abilities, Weirdness & Mutations

You cannot wear most types of armour.
You are very stealthy in the water. (Stealth+)
You are amphibious.
You can wear up to eight rings at the same time.
You can use your tentacles to constrict eight enemies at once.
Your skin changes colour to match your surroundings (Stealth+).
Your rubbery body absorbs attacks. (AC +1, EV +1)


Message History

A magic dart appears from out of thin air!
The magic dart hits you.
A giant cockroach comes into view.
Okay, then.
Casting: Magic Dart (safe; 3% risk of failure)
Confirm with . or Enter, or press ? or * to list all spells.
The adder is dazzled.
Something hits you. The adder closely misses you.
Unknown command.
Unknown command.
You hit the adder. You grab the adder.
The adder is moderately wounded.
You closely miss something. You constrict the adder. Something hits you.
* * * LOW HITPOINT WARNING * * *
The adder escapes!
Something closely misses you.
Things that are here:
a +0 morningstar; an orc corpse You hear some strange, mumbled words.
A puff of frost appears from out of thin air!
The puff of frost hits you!
You die...

....##
##............#
...
#............##
...
##.#........>.#
#.#.........##
...........###
..#.##........#
###.......>.###
#.........##
##....@....#
#.$..))...#
#(........#
#.s##.S..## #..
.....# ...
.?##...# ... ..
...# ... ...
...# ... ....


You could see an adder (blind) and a giant cockroach.

Vanquished Creatures
  A phantom (D:3)
  A crocodile (Sewer)
  A crimson imp (D:5)
  A bullfrog zombie (D:5)
  2 hounds
  An orc priest (D:4)
  3 orc wizards
  3 worker ants
  A hound skeleton (D:4)
  2 worker ant zombies
  10 adders
  A shadow imp (D:5)
  An ooze (D:5)
  An adder skeleton (D:4)
  5 worms
  2 dart slugs
  A leopard gecko (D:3)
  9 orcs
  4 giant cockroaches
  11 goblins
  2 hobgoblins (D:1)
  3 jackals
  10 kobolds
  A quokka (D:4)
  2 ball pythons
  3 bats
  3 frilled lizards
  A leopard gecko skeleton (D:5)
  5 rats
91 creatures vanquished.

Vanquished Creatures (collateral kills)
  2 adders (D:2)
  A rat (D:2)
3 creatures vanquished.

Grand Total: 94 creatures vanquished

Notes
Turn   | Place    | Note
-------+----------+-------------------------------------------
     0 | D:1      | Conn the Octopode Wizard began the quest for the Orb.
     0 | D:1      | Reached XP level 1. HP: 11/11 MP: 4/4
     2 | D:1      | Noticed a demigod
     4 | D:1      | Noticed a felid
     4 | D:1      | Noticed a minotaur
     6 | D:1      | Noticed a ghoul
     6 | D:1      | Noticed a centaur
     8 | D:1      | Noticed a naga
     8 | D:1      | Noticed a troll
    10 | D:1      | Noticed a tengu
    10 | D:1      | Noticed a vampire
    12 | D:1      | Noticed a merfolk
    12 | D:1      | Noticed an octopode
    16 | D:1      | Noticed a formicid
    18 | D:1      | Noticed a dwarf
    18 | D:1      | Noticed a vine stalker
    20 | D:1      | Noticed an ogre
    20 | D:1      | Noticed a draconian
    22 | D:1      | Noticed an elf
    22 | D:1      | Noticed a halfling
    24 | D:1      | Noticed a gargoyle
    24 | D:1      | Noticed a human
    26 | D:1      | Noticed a demonspawn
    26 | D:1      | Noticed a spriggan
   198 | D:1      | Reached XP level 2. HP: 17/17 MP: 0/6
  1215 | D:2      | Reached XP level 3. HP: 22/22 MP: 5/8
  1345 | D:2      | Learned a level 2 spell: Blink
  1348 | D:2      | Learned a level 2 spell: Call Imp
  1352 | D:2      | Learned a level 3 spell: Conjure Flame
  1411 | D:2      | Found an ancient bone altar of Kikubaaqudgha.
  1462 | D:2      | Reached skill level 1 in Fighting
  2000 | D:3      | Reached XP level 4. HP: 27/28 MP: 2/9
  2156 | D:3      | Found a runed translucent door.
  2172 | D:3      | Noticed pantherbaby's ghost (amateur DsFi)
  3025 | D:4      | Noticed a phantom
  3490 | D:3      | Killed a phantom
  3490 | D:3      | Reached XP level 5. HP: 27/34 MP: 4/11
  3612 | D:4      | Learned a level 3 spell: Mephitic Cloud
  4111 | D:4      | Reached XP level 6. HP: 26/39 MP: 2/12
  4244 | D:4      | Found Inaset's Book Shop.
  4264 | D:4      | Reached skill level 1 in Short Blades
  4563 | D:4      | Learned a level 3 spell: Dazzling Flash
  4815 | D:5      | Entered Level 5 of the Dungeon
  5051 | D:5      | Found Wull's General Store.
  5054 | D:5      | Bought a scroll of remove curse for 33 gold pieces
  5153 | D:5      | Reached XP level 7. HP: 45/45 MP: 14/14
  5157 | D:5      | Reached skill level 5 in Spellcasting
  5277 | D:5      | Found a glowing drain.
  5286 | Sewer    | Entered a sewer
  5393 | Sewer    | Reached skill level 1 in Axes
  5745 | D:5      | Reached skill level 5 in Stealth
  6227 | D:6      | Found a shadowy altar of Dithmenos.
  6279 | D:6      | Killed from afar by an orc wizard

Levels and vault maps discovered:
D:1:      kb_arrival_jail, layout_loops_corners
D:2:      layout_rooms, overflow_temple_1_default, first_ration,
          kennysheep_cross_bottleneck, minmay_tromino_i4
D:3:      layout_basic, gammafunk_ghost_grave
D:4:      cheibrodos_helix_gallery, layout_cave_pools, serial_shops, shop,
          serial_park_tiny_1, minmay_box_of_dots
D:5:      layout_cave_pods, serial_shops, nicolae_shop_window_shopping,
          lightli_sewer_entry_pipes
D:6:      layout_cave_pools, old_standard_altar, lemuel_doored_altar,
          lemuel_crystal_altar, grunt_dithmenos_smoke_and_mirrors,
          lemuel_coloured_pillars_altar, minmay_temple_entry_gardened_gates,
          serial_shops, nicolae_shop_crystal, fedhas_bush_and_centaur_altar

Skill      XL: |  1  2  3  4  5  6  7 |
---------------+----------------------+-----
Stealth        | 3 4 5 |  5.3
Fighting       | 1 2 |  2.9
Spellcasting   | 4 5 |  5.2
Conjurations   | 2 3 |  3.2
Short Blades   | 1 |  1.0
Axes           | 1 |  1.9
Dodging        | |  2.8
Summonings     | |  1.0
Translocations | |  1.0

Action                   |  1- 3 |  4- 6 |  7- 9 || total
-------------------------+-------+-------+-------++-------
Melee: Dagger            |    22 |       |       ||    22
       Constrict         |     7 |    14 |    18 ||    39
       Tentacles         |     4 |    14 |     9 ||    27
       Rapier            |       |    44 |       ||    44
       Hand axe          |       |    15 |    69 ||    84
Throw: Throwing net      |       |     4 |       ||     4
       Dart              |       |    10 |       ||    10
 Cast: Magic Dart        |    34 |    93 |    14 ||   141
       Call Imp          |     3 |     7 |       ||    10
       Mephitic Cloud    |       |     2 |     1 ||     3
       Blink             |       |     2 |       ||     2
       Conjure Flame     |       |     1 |       ||     1
       Dazzling Flash    |       |       |     1 ||     1
  Use: Scroll            |     4 |     4 |       ||     8
       Potion            |       |     5 |       ||     5
 Stab: Sleeping          |     7 |     7 |    11 ||    25
       Distracted        |       |     1 |       ||     1
  Eat: Chunk             |     3 |     2 |     5 ||    10
       Ration            |       |     2 |       ||     2
Armor: Skin              |     1 |     1 |     4 ||     6
Dodge: Dodged            |     5 |    35 |    39 ||    79

Table legend:
 A = Non-vault XP
 B = Vault XP
 C = Vault XP percentage of total XP
 D = Non-vault monster count
 E = Vault monster count
 F = Vault count percentage of total count
                 A         B        C        D         E       F
            +---------+---------+-------+---------+---------+-------
      Total |     800 |     215 |  21.2 |      72 |      22 |  23.4
            +---------+---------+-------+---------+---------+-------
        D:1 |      31 |       0 |   0.0 |      17 |       0 |   0.0
        D:2 |      24 |      15 |  38.5 |       8 |       2 |  20.0
        D:3 |     148 |       0 |   0.0 |       9 |       0 |   0.0
        D:4 |     281 |      21 |   7.0 |      18 |       4 |  18.2
        D:5 |     247 |      68 |  21.6 |      14 |      10 |  41.7
        D:6 |      69 |       0 |   0.0 |       6 |       0 |   0.0
      Sewer |       0 |     111 | 100.0 |       0 |       6 | 100.0
            +---------+---------+-------+---------+---------+-------
